Cogmind - Beta 17.1 @@@ ROGUE MODE // 2026.08.29 @ 12:11:35 Player: Clog Result: Destroyed by QC-CAN(R) with Subdweller Beam Cannon Performance ------------- Evolutions (0) 0 Regions Visited (2) 400 Robots Destroyed (21) 105 Value Destroyed (551) 551 Prototype IDs (0) 0 Alien Tech Used (0) 0 Bonus (0) 0 TOTAL SCORE: 1056 Bonus ------- None Cogmind --------- Core Integrity 0/250 Matter 270/300 Energy 160/160 System Corruption 0% Temperature Hot (270) Movement Treading (160) Location -10/Subcaves Parts ------- > --- POWER (1) -------- Light Nuclear Core > --- PROPULSION (2) --- Light Treads Light Treads > --- UTILITY (2) ------ Scrap Shield > --- WEAPON (2) ------- Beam Cannon Grenade Launcher > --- INVENTORY (5) ---- Ion Engine Light Treads Makeshift Light Armor Plating Beam Cannon Mining Laser Peak State ------------ > --- POWER ------------ Light Nuclear Core > --- PROPULSION ------- Light Treads Light Treads > --- UTILITY ---------- Small Storage Unit Medium Storage Unit > --- WEAPON ----------- Beam Cannon Battle Rifle > --- INVENTORY -------- Ion Engine Light Treads Light Treads Light Treads High-capacity Matter Pod Seismic Detector Beam Cannon Assault Rifle Grenade Launcher Mining Laser [Rating: 11] Favorites ----------- Power Light Nuclear Core Engine Light Ion Engine Power Core Light Nuclear Core Propulsion Light Treads Treads Light Treads Utility Small Storage Unit Storage Small Storage Unit Protection Scrap Shield Weapon Beam Cannon Energy Cannon Beam Cannon Ballistic Gun Assault Rifle Launcher Grenade Launcher Build | -11 -10 -10 ------- Run | Yrd Mat Sub Slots Evolved . | . . . Power . | . . . Propulsion . | . . . Utility . | . . . Weapon . | . . . Parts Attached 16 | 5 3 8 Power 2 | 1 . 1 Engine 1 | 1 . . Core 1 | . . 1 Reactor . | . . . Propulsion 5 | 2 . 3 Treads 5 | 2 . 3 Leg . | . . . Wheel . | . . . Hover . | . . . Flight . | . . . Utility 3 | 1 1 1 Device . | . . . Storage 2 | 1 1 . Processor . | . . . Hackware . | . . . Protection 1 | . . 1 Artifact . | . . . Weapon 6 | 1 2 3 Energy Gun . | . . . Energy Cannon 2 | . . 2 Ballistic Gun 3 | 1 1 1 Ballistic Cannon . | . . . Launcher 1 | . 1 . Special Weapon . | . . . Impact Weapon . | . . . Slashing Weapon . | . . . Piercing Weapon . | . . . Special Melee Weapon . | . . . Unidentified Prototypes . | . . . Parts Lost 2 | . . 2 Power . | . . . Propulsion . | . . . Utility . | . . . Weapon 2 | . . 2 Highest Loss Streak 1 | . . 1 To Critical Strikes . | . . . Average Backups 7 | 3 7 7 Power . | . 1 1 Propulsion 1 | 1 2 1 Utility 1 | . 1 1 Weapon 2 | . 2 2 Tool/Special . | . . . Unused Backups 9 | 1 2 6 Power 1 | . . 1 Propulsion 4 | 1 2 1 Utility 3 | . . 3 Weapon 1 | . . 1 Tool/Special . | . . . Average Slot Usage (%) 88 | . 76 92 Engine 3 | . 14 . Core 10 | . . 13 Treads 28 | . 28 28 Storage 14 | . 18 13 Protection 5 | . . 7 Energy Cannon 15 | . . 19 Ballistic Gun 10 | . 14 8 Peak Build Rating 11 | 5 8 11 Average Rating 9 | 4 5 10 On Entrance 4 | . 5 8 Avg Prop Armor Cover (%) . | . . . Naked Turns . | . . . Heaviest Build 29 | 10 22 29 Greatest Support 40 | 40 40 40 Greatest Overweight (x) . | . . . Average Overweight (x) . | . . . Largest Inventory Capacity 10 | 8 10 10 Average Capacity 7 | 7 8 7 Most Carried 10 | 7 10 10 Average Carried 7 | 3 7 7 Final Capacity 10 | 8 10 5 Final Carried 10 | 6 10 5 Class Distribution -------------------- 100% | Mutant Dominant Class ---------------- Mutant | -10/Materials Mutant | -10/Subcaves Resources | -11 -10 -10 ----------- Run | Yrd Mat Sub Matter Collected 821 | 274 60 487 Remotely . | . . . Salvage Created 724 | 117 120 487 Parts 50 | 8 12 30 Haulers Intercepted 1 | . 1 . Recyclers Shooed . | . . . Parts Field Recycled . | . . . Retrieved Matter . | . . . Parts Self-Destructed 13 | . . 13 Prevented . | . . . Parts Restored . | . . . Kills | -11 -10 -10 ------- Run | Yrd Mat Sub Combat Hostiles Destroyed 15 | . 3 12 Guns 6 | . . 6 Cannons 5 | . . 5 AOE 4 | . 3 1 Classes Destroyed 8 | 2 4 2 Worker 1 | . 1 . Tunneler 2 | 2 . . Hauler 1 | . 1 . Recycler 1 | 1 . . Watcher 1 | . 1 . Swarmer 3 | . 3 . Grunt 4 | . . 4 Subdweller 8 | . . 8 Best Kill Streak 4 | 3 4 2 Combat Bots Only 3 | . 3 2 Max Kills in Single Turn 2 | 1 2 1 Gunslinging . | . . . Exploded 2 | . 2 1 Melee . | . . . Uniques/NPCs Destroyed . | . . . Combat | -11 -10 -10 -------- Run | Yrd Mat Sub Hostile Shots Fired 96 | . 18 78 Missed 33 | . 7 26 Hits 63 | . 11 52 Projectile 63 | . 11 52 Critical Strikes 2 | . . 2 Damage Taken 1182 | . 118 1064 Core 258 | . 29 229 Absorbed by Shields . | . . . Core Remaining (%) 100 | 100 . . Volleys Fired 76 | 8 24 44 Largest 2 | 1 1 2 Hottest 120 | 20 30 120 Shots Fired 118 | 8 24 86 Gun 77 | 8 20 49 Cannon 35 | . . 35 Launcher 6 | . 4 2 Special . | . . . Kinetic 77 | 8 20 49 Thermal 35 | . . 35 Explosive 6 | . 4 2 Electromagnetic . | . . . Robot Hit Streak 14 | 3 4 14 Robot Miss Streak 3 | 1 2 3 Penetration Max . | . . . Secondary Targets 1 | . . 1 Max Gunslinging Chain 1 | . . 1 Shots Hit Robots 84 | 6 14 64 Core Hits 37 | 4 8 25 Critical Kills 1 | . . 1 Critical Parts Destroyed . | . . . Critical Strikes 1 | . . 1 Destroy 1 | . . 1 Melee Attacks . | . . . Impact . | . . . Slashing . | . . . Piercing . | . . . Sneak Attacks . | . . . Combat Hostiles . | . . . Follow-up Attacks . | . . . Damage Inflicted 1585 | 97 324 1164 Guns 685 | 97 167 421 Cannons 528 | . . 528 Explosions 372 | . 157 215 Melee . | . . . Ramming . | . . . Kinetic 685 | 97 167 421 Thermal 528 | . . 528 Explosive 372 | . 157 215 Electromagnetic . | . . . Impact . | . . . Slashing . | . . . Piercing . | . . . Highest Corruption . | . . . Average Corruption . | . . . Corruption Purged . | . . . Corruption Blocked . | . . . Overload Shots . | . . . Overflow Damage . | . . . Projectiles . | . . . Explosions . | . . . Melee . | . . . Knockbacks . | . . . Impact . | . . . Kinetic . | . . . Secondary . | . . . Self-Inflicted Damage 58 | . 28 30 Shots 3 | . 1 2 Rammed . | . . . Targets Rammed . | . . . Kicked . | . . . Crushed . | . . . Highest Temperature 275 | . . 275 Average Temperature 19 | . . 19 Received Heat Transfer 625 | . . 625 Siege Activations . | . . . Martial Activations . | . . . Shielding Activations . | . . . Robots Disrupted . | . . . Combat Hostiles . | . . . Robots Corrupted . | . . . Combat Hostiles . | . . . Parts Fried . | . . . Impact Corruptions . | . . . Robots Melted . | . . . Combat Hostiles . | . . . Parts Melted 4 | . . 4 Heat Transferred 1110 | . . 1110 Parts Sabotaged . | . . . Parts Stolen . | . . . Parts Stripped . | . . . Power Chain Reactions . | . . . Alert | -11 -10 -10 ------- Run | Yrd Mat Sub Maximum Alert Level . | . . . Low Security (%) 100 | 100 100 . Level 1 . | . . . Level 2 . | . . . Level 3 . | . . . Level 4 . | . . . Level 5 . | . . . High Security . | . . . Max Security . | . . . Peak Influence 96 | 5 96 . Initial . | . . . Average 5 | . 7 . Influence Increases 225 | 15 110 100 Destroy 0b10 Robot/C 140 | . 60 80 Destroy 0b10 Robot/NC 30 | 15 15 . Destroy Leader 34 | . 14 20 Destroy Structure 21 | . 21 . Influence Decreases 225 | 15 24 186 Entered New Map 42 | . . 42 Time Decay 183 | 15 24 144 Squads Dispatched . | . . . Investigation . | . . . Extermination . | . . . Reinforcement . | . . . Assault . | . . . Garrison . | . . . Intercept . | . . . Searches Triggered . | . . . Construction Impeded . | . . . Haulers Reinforced . | . . . Active Scanning Responses . | . . . Cargo Convoy Interrupts . | . . . Stealth | -11 -10 -10 --------- Run | Yrd Mat Sub Distress Signals . | . . . Communications Jammed . | . . . Distress Signals . | . . . Times Spotted 22 | . 8 14 Peak Tracking Total 3 | . 3 3 Tactical Retreats . | . . . Traps | -11 -10 -10 ------- Run | Yrd Mat Sub Traps Triggered . | . . . Indirectly . | . . . Trap Hack Attempts . | . . . Triggered . | . . . Disarmed . | . . . Reprogrammed . | . . . Reused . | . . . Traps Extracted . | . . . Installed . | . . . Triggered . | . . . Machines | -11 -10 -10 ---------- Run | Yrd Mat Sub Machines Disabled . | . . . Max in Single Turn . | . . . Machines Repaired . | . . . Machines Dismantled . | . . . Machines Sabotaged . | . . . Overloaded Fab Kills . | . . . Hacking | -11 -10 -10 --------- Run | Yrd Mat Sub Machines Accessed 2 | . 2 . Terminals 2 | . 2 . Fabricators . | . . . Repair Stations . | . . . Recycling Units . | . . . Scanalyzers . | . . . Garrison Access . | . . . Total Hacks 4 | . 4 . Successful 1 | . 1 . Failed 3 | . 3 . Catastrophic . | . . . Database Lockouts . | . . . Manual 4 | . 4 . Terminals 4 | . 4 . Fabricators . | . . . Repair Stations . | . . . Recycling Units . | . . . Scanalyzers . | . . . Garrison Access . | . . . Terminal Hacks . | . . . Fabricator Hacks . | . . . Repair Station Hacks . | . . . Recycling Unit Hacks . | . . . Scanalyzer . | . . . Garrison Access Hacks . | . . . Unauthorized Hacks 1 | . 1 . Terminals 1 | . 1 . Skim 1 | . 1 . Fabricators . | . . . Repair Stations . | . . . Recycling Units . | . . . Scanalyzers . | . . . Garrison Access . | . . . Data Cores Recovered . | . . . Used . | . . . Hacking Detections 1 | . 1 . Full Trace Events . | . . . Feedback Events . | . . . Feedback Blocked . | . . . Robot Schematics Acquired . | . . . Robots Built . | . . . Authchips . | . . . Time . | . . . Total Robot Build Rating . | . . . Part Schematics Acquired . | . . . Parts Built . | . . . Authchips . | . . . Time . | . . . Total Part Build Rating . | . . . Part Studies Acquired . | . . . Parts Repaired . | . . . Time . | . . . Parts Recycled . | . . . Recycled Matter . | . . . Retrieved Matter . | . . . Retrieved Components . | . . . Parts Scanalyzed . | . . . Part Schematics Acquired . | . . . Parts Damaged . | . . . Bothacking | -11 -10 -10 ------------ Run | Yrd Mat Sub Used RIF Installer . | . . . Robots Hacked . | . . . Non-combat . | . . . Combat . | . . . Robot Hacks Applied . | . . . Relay Couplers Released . | . . . Fabnet Peak Effective % . | . . . Robots Rewired . | . . . Allies Hacked . | . . . Hacks Repelled . | . . . Allies | -11 -10 -10 -------- Run | Yrd Mat Sub Total Allies . | . . . Largest Group . | . . . Highest-Rated Group . | . . . Highest-Rated Ally . | . . . Total Orders . | . . . Ally Attacks . | . . . Total Damage . | . . . Kills . | . . . Allies Corrupted . | . . . Allies Melted . | . . . Intel | -11 -10 -10 ------- Run | Yrd Mat Sub Active Infowar (turns) . | . . . Robot Analysis Total . | . . . Derelict Logs Recovered 2 | . . 2 Drone Launches . | . . . Drone Recoveries . | . . . Exploration | -11 -10 -10 ------------- Run | Yrd Mat Sub Turns Passed 1627 | 114 318 1195 Spaces Moved 871 | 56 162 653 Core 7 | 7 . . Treads 864 | 49 162 653 Legs . | . . . Wheels . | . . . Hover . | . . . Flight . | . . . Fastest Speed 50 | 50 160 160 Average Speed 159 | 146 160 160 Slowest Speed 160 | 160 160 160 Overloaded Moves . | . . . Propulsion Burnouts . | . . . Robots Hopped . | . . . Potential Cave-ins . | . . . Cave-ins Triggered . | . . . Exploration Rate (%) 24 | 3 33 38 Regions Visited 2 Branch Regions 1 Pre-discovered Areas 2 | . . 2 Known Exits Taken . | . . . Unknown Exits Taken 2 | 1 1 . Scrap Searched 3 | . . 3 Spaces Dug . | . . . Terrain Destroyed 31 | . 25 6 Melee . | . . . Projectile . | . . . AOE 31 | . 25 6 Terrain Rammed . | . . . Walls Destroyed . | . . . Machines Disabled . | . . . Actions | -11 -10 -10 --------- Run | Yrd Mat Sub Total 1001 | 81 197 723 Wait 1 | . . 1 Move 869 | 55 161 653 Hop . | . . . Pick Up 23 | 12 7 4 Fast Attach 2 | . 1 1 Attach 8 | 5 1 2 Detach 1 | . . 1 Swap 7 | . 1 6 Drop 14 | 1 2 11 Fire 76 | 8 24 44 Melee . | . . . Ram . | . . . Kick . | . . . Crush . | . . . Escape Stasis . | . . . Rewire . | . . . Trap . | . . . Miscellaneous . | . . . Route ------- -11/Scrapyard -10/Materials -10/Subcaves History --------- Turn | Location | Event 37 | -11/Scrapyard | Discovered new exit (range 15) 115 | -11/Scrapyard | Entered Materials 300 | -10/Materials | Build established: Mutant 406 | -10/Materials | Discovered new exit (range 10) 433 | -10/Materials | Entered Subcaves 434 | -10/Subcaves | Approached by a straggling Scientist 497 | -10/Subcaves | Learned location of Storage (-8) 505 | -10/Subcaves | Learned location of Zion (-6) 586 | -10/Subcaves | A swath of the cavern ceiling suddenly collapsed 655 | -10/Subcaves | Disturbed a concealed Subdweller 907 | -10/Subcaves | Core integrity fell below 50% 940 | -10/Subcaves | Core integrity fell below 20% 1324 | -10/Subcaves | Shifting Twisted Machinery released Scrap Shield 1628 | -10/Subcaves | Destroyed by QC-CAN(R) with Subdweller Beam Cannon Last Messages --------------- 00991_ Dropped Lgt. Treads. 00992_ Dropped Seismic Detector. 00992_ Dropped Mining Laser. 00993_ Dropped Med. Storage Unit. 00994_ Dropped Sml. Storage Unit. 00994_ Acquired Scrap Shield. 01001_ Dropped Hcp. Matter Pod. 01001_ Acquired Med. Storage Unit. 01002_ Extracted 36 matter. 01020_ Dropped Med. Storage Unit. 01020_ Acquired Mining Laser. 01046_ Subatomizers dissect the Sub. Power Source. 01249_ Subatomizers dissect the Sub. Monowheel. Scrap Shield falls loose from the Twisted Machinery. 01613_ 2N-2NG(R): "LEAVESUB!" 01625_ NQ-GYA(R) destroyed. 01626_ Critical hit (Meltdown: +280). Map ----- +----------------------------------------------------+ | ????????????????????# ##?#! = ## | | ????????????????????### #####= ! # ####? | | ??????????????????????## ###! ! # #??? | | ??????????????????????# ## ## ##"""#??? | | ????????????????????### ## "### #??? | | ????????????????????# # ### ""## #??? | | ????????????????????## #### ## "# ####? | | ????????????????????# # ### # "" "#? | | ???????????????????### % # ## "" ""? | | ??????????????????## ### ## ## "# ""? | | ??????????????????# ## #?###" | | ??????????????????## ######### #???" ??? | | ???????????????????### ##??????## #???????? | | ?????????????????????# #????????##???????? | | ??????????????######## % #?????????????????? | | ?????????????## # # % ##?????????????????? | | ???????####?## % [% ##??????????????????? | | ??????## ### % %##???????????????????? | | ??????# ##????????????????????? | | ?????## #### % ##?????????????????????? | | ###### % ##?## #??????????????????????? | | # ##?### #??????????????????????? | | # ## #???## #??????????????????????? | | ## # # ## ### #???# #??????????????????????? | | # ##########?# ###### ####???????????????????? | | # #??????????# @ #???????????????????? | | # #??????????# #### #???????????????????? | | #??????????# #< < #???????????????????? | | #??????????## #<<$< !RR###???????????????????? | | ##???????????## #$$<$ %= ?????????????????????? | | ##????????????# ###<< ?????????????????????? | | #???????????# ## # # ##???????????????? | | #???????????? ## #???????????????? | | #?????????# ### """??????????? | | #???????? #??# # # """??????????? | | ##??????? ####???######?# # "" ??????????? | | ##????????? ?#????????????????##??"???????????? | | ##??????????&# #????????????????????????????????? | | ##?#####??? # ?????????????????????????????????? | | ### ## " ???????????????????????????????? | | % " " ????????????????????????????????? | | ## " #??????????????????????????????????? | | ##### ########??????????????????????????????????? | | ##????##?????????????????????????????????????????? | | ?????????????????????????????????????????????????? | | ?????????????????????????????????????????????????? | | ?????????????????????????????????????????????????? | | ?????????????????????????????????????????????????? | | ?????????????????????????????????????????????????? | | ?????????????????????????????????????????????????? | +----------------------------------------------------+ Best States ------------- Heat Dissipation 25 Energy Generation 14 Energy Capacity 160 Matter Stores 300 Matter Capacity 300 Sight Range 16 Terrain Scan Density 10 Armor Coverage 800 Evasion (%) 40 Recoil Reduction 2 Item Schematics ----------------- None Robot Schematics ------------------ None Fabricated ------------ Nothing Repaired ---------- Nothing Studied --------- None Alien Tech Used ----------------- None Achievements -------------- None Challenges ------------ None Game ------ Seed FireVariableShield Manual? 0 Play Time 00:12:00 Cumulative 34.8 hours Start 2026.08.29 @ 12:02:19 End 2026.08.29 @ 12:11:35 Sessions 1 Manual Loads 0 Difficulty Rogue Special Mode None Game No. 40 Rogue 37 Adventurer 3 Explorer 0 Win Type - Total 1 Types 1/0/0/0/0/0/0/0/0/0 Lore% 32 Gallery% 30 Achievement% 30 Wizard Run 0 Options --------- Layout 1 ASCII 0 Keyboard 0 Movement Mouse Keybinds 0 Fullscreen 1 Font 32/SmallcapsGlow Map View 50x35 Zoom Use 0% Tactical HUD 1 Map Filters NONE Filters NONE Steam 1 RUN: cf85e0c3-5711-4f9b-8dc5-3a858aef4fb7